 Dungeon Crawl Stone Soup version 0.31-a0-345-g1ebeae05c6 (webtiles) character file.

Game seed: 8256864397380407625

1376 GrimJard the Cleaver (level 8, -38/69 HPs)
             Began as a Hill Orc Fighter on July 22, 2023.
             Was an Initiate of Beogh.
             Killed by an exploding floating eye (40 damage)
             ... ignited by their inner flame
             ... on level 5 of the Dungeon.
             The game lasted 00:10:52 (4127 turns).

GrimJard the Cleaver (Hill Orc Fighter)             Turns: 4127, Time: 00:10:53

Health: -38/69     AC:  9    Str: 21    XL:     8   Next: 66%
Magic:  8/8        EV:  9    Int:  8    God:    Beogh [......]
Gold:   121        SH:  5    Dex: 10    Spells: 7/7 levels left

rFire   . . .        a - +3 war axe
rCold   . . .        c - +1 buckler
rNeg    . . .        b - +0 scale mail
rPois   .            n - +1 helmet
rElec   .            (no cloak)
rCorr   .            (no gloves)
SInv    .            (no boots)
Will    .....        (no amulet) Stlth
                     (no ring)
HPRegen 0.31/turn    (no ring)
MPRegen 0.11/turn

%: no passive effects
@: no status effects
A: no striking features
a: Renounce Religion


You were on level 5 of the Dungeon.
You worshipped Beogh.
Beogh was noncommittal.
You visited 1 branch of the dungeon, and saw 5 of its levels.

You collected 157 gold pieces.
You spent 36 gold pieces at shops.

Inventory:

Hand Weapons
 a - a +3 war axe (weapon)
Missiles
 e - a throwing net
 h - 39 stones
 k - 2 boomerangs (quivered)
Armour
 b - a +0 scale mail (worn)
 c - a +1 buckler (worn)
 n - a +1 helmet (worn)
Jewellery
 f - an amulet of magic regeneration
 l - a +6 ring of intelligence
Scrolls
 m - a scroll of amnesia
Potions
 d - a potion of brilliance {unknown}
 i - a potion of curing


   Skills:
 + Level 5.6 Fighting
 + Level 11.0 Axes
 + Level 3.0 Throwing
 + Level 5.1 Armour
 - Level 3.2 Shields


You had 7 spell levels left.
You didn't know any spells.
Your spell library contained the following spells:

 Spells                   Type           Power      Damage    Failure   Level
 Scorch                   Fire           0%         2d5       91%         2
 Flame Wave               Conj/Fire      0%         2d4       100%        4
 Conjure Ball Lightning   Conj/Air       0%         3x3d6     100%        6
 Summon Cactus Giant      Summ           0%         N/A       100%        6
 Discord                  Hex            0%         N/A       100%        8
 Disjunction              Tloc           0%         N/A       100%        8


Dungeon Overview and Level Annotations

Branches:
Dungeon (5/15)             Temple (0/1) D:5

Altars:
Hepliaklqana
Qazlal
Sif Muna
Vehumet

Shops:
D:3 *


Message History

Okay, then.
Okay, then.
Aiming: Polymorph
Press: ? - help, Shift-Dir - straight line, f - yak
Aim: a yak (severely wounded, will become an ice beast, an entropy weaver, or a death drake, chance to affect: 49%)
The yak evaporates and reforms as a death drake!
The death drake bites you but does no damage.
Aiming: Polymorph
Press: ? - help, Shift-Dir - straight line, f/p - death drake
Aim: a death drake (will become a floating eye, a shining eye, or a wind drake, chance to affect: 31%)
The death drake evaporates and reforms as a floating eye!
The now-empty wand crumbles to dust.
Press: ? - help, v - describe, . - travel
Here: a floating eye The floor, spattered with blood.
The floating eye's stare focuses on you.
The floating eye gazes piercingly through you!
You suddenly lose the ability to move!
The floating eye's stare focuses on you.
The floating eye gazes piercingly through you!
You shrug off the repeated paralysis!
The yak gores you!
* * * LOW HITPOINT WARNING * * *
The yak gores you.
* * * LOW HITPOINT WARNING * * *
You can move again.
As you read the scroll labelled LAH GEAD MYGO, it crumbles to dust.
The creatures around you are filled with an inner flame!
It was a scroll of immolation.
You block the yak's attack.
As you read the scroll labelled KYAQUL VUSHY, it crumbles to dust.
You feel a surge of unholy energy.
The floating eye convulses!
Flame seeps out of the floating eye.
The yak convulses!
Flame seeps out of the yak.
It was a scroll of torment.
The floating eye is engulfed in blazing flames.
Beogh accepts your kill.
The floating eye explodes!
The fiery explosion engulfs the yak!!
Beogh accepts your kill. The fiery explosion engulfs you!!!
Ouch! That really hurt!
You die...

#....#
#.................
#....#
#.#.#..##.####.###
#....###.#....##.#
#.#
#........###......
..#
#....##...........
#..#
#....##........#..
#..# . ##.......#
#. #.#####.# ...
#..# #@## .# #..##
#○○# #.# ##§# ..
## #.####... #.
#.>####........
#Y..<....####..
............#
....Y..../..#
.......).......


There were no monsters in sight!

Vanquished Creatures
  A hornet (D:4)
  Sigmund (D:2)
  4 yaks
  A wyvern (D:3)
  A floating eye (D:5)
  An ogre (D:4)
  2 phantoms (D:4)
  A jelly (D:4)
  A hound (D:5)
  An iguana (D:5)
  Robin (D:2)
  A dart slug (D:2)
  7 orcs (D:4)
  5 ball pythons
  6 bats
  9 endoplasms
  7 giant cockroaches
  15 hobgoblins
  3 jackals (D:4)
  2 quokkas
  6 frilled lizards
  18 goblins
  9 kobolds
  7 rats
110 creatures vanquished.

Vanquished Creatures (others)
  An orc priest (D:5)
1 creature vanquished.

Grand Total: 111 creatures vanquished

Notes
Turn   | Place    | Note
-------+----------+-------------------------------------------
     0 | D:1      | GrimJard the Hill Orc Fighter began the quest for the Orb.
     0 | D:1      | Reached XP level 1. HP: 19/19 MP: 1/1
    67 | D:1      | Reached skill level 3 in Axes
   139 | D:1      | Reached XP level 2. HP: 26/26 MP: 2/2
   217 | D:1      | Reached skill level 4 in Axes
   526 | D:1      | Reached XP level 3. HP: 31/31 MP: 3/3
   641 | D:1      | Found a faded altar of an unknown god.
   906 | D:2      | Reached skill level 5 in Axes
  1459 | D:2      | Noticed Robin
  1470 | D:2      | Reached XP level 4. HP: 23/39 MP: 4/4
  1472 | D:2      | Killed Robin
  1700 | D:2      | Reached skill level 6 in Axes
  1717 | D:2      | Noticed Sigmund
  1726 | D:2      | Killed Sigmund
  1727 | D:2      | Reached skill level 8 in Axes
  1727 | D:2      | Reached XP level 5. HP: 32/45 MP: 5/5
  1727 | D:2      | Reached XP level 6. HP: 37/51 MP: 6/6
  2391 | D:3      | Found Aptickau's General Store.
  2400 | D:3      | Bought a potion of curing for 36 gold pieces
  2578 | D:3      | Found a stormy altar of Qazlal.
  3132 | D:4      | Noticed a wyvern
  3143 | D:3      | Killed a wyvern
  3144 | D:3      | Reached skill level 9 in Axes
  3273 | D:4      | Reached XP level 7. HP: 55/57 MP: 7/7
  3430 | D:4      | Found a shimmering blue altar of Sif Muna.
  3472 | D:4      | Noticed a hornet
  3478 | D:4      | Paralysed by a hornet for 3 turns
  3479 | D:4      | Killed a hornet
  3480 | D:4      | Reached skill level 10 in Axes
  3480 | D:4      | Reached skill level 1 in Throwing
  3521 | D:4      | Found a radiant altar of Vehumet.
  3654 | D:4      | Found a hazy altar of Hepliaklqana.
  3738 | D:4      | Reached XP level 8. HP: 60/67 MP: 8/8
  3848 | D:5      | Entered Level 5 of the Dungeon
  3848 | D:5      | Noticed a yak
  3848 | D:5      | Noticed a yak
  3848 | D:5      | Noticed a yak
  3848 | D:5      | Noticed a yak
  3848 | D:5      | Found a staircase to the Ecumenical Temple.
  3849 | D:5      | Became a worshipper of Beogh the Brigand
  3849 | D:5      | Noticed a yak
  3868 | D:4      | Killed a yak
  3869 | D:4      | Reached skill level 5 in Fighting
  3874 | D:4      | Killed a yak
  4112 | D:5      | Killed a yak
  4113 | D:5      | Reached skill level 11 in Axes
  4113 | D:5      | Reached skill level 5 in Armour
  4119 | D:5      | a yak changed into a death drake
  4119 | D:5      | Noticed a death drake
  4120 | D:5      | a death drake changed into a floating eye
  4122 | D:5      | Paralysed by a floating eye for 4 turns
  4125 | D:5      | HP: 1/69 [yak (4)]
  4127 | D:5      | Killed a yak
  4127 | D:5      | Killed by an exploding floating eye... ignited by their
                  | inner flame

Illustrated notes

Levels and vault maps discovered:
D:1:      minmay_arrival_glassed_features, layout_loops_corners,
          ebering_ecumenical_altar_webs
D:2:      layout_loops_corners, uniq_robin, uniq_sigmund
D:3:      layout_loops_cross, mainiacjoe_overflow_concentric_impassable,
          serial_shops, shop, minmay_misc_feat_diagonals, serial_bayou_lagoon_b
D:4:      layout_rooms, vehumet_altar_wand_db, nicolae_hepliaklqana_hazy_memory,
          tgw_sif
D:5:      layout_rooms, minmay_temple_entry_proselytizer

Skill      XL: |  1  2  3  4  5  6  7  8 |
---------------+-------------------------+-----
Axes           | 3 4 5 8 9 10 11 | 11.0
Fighting       | 4 5 |  5.6
Throwing       | 1 3 |  3.0
Armour         | 4 5 |  5.1
Shields        | |  3.2

Action                     |  1- 3 |  4- 6 |  7- 9 || total
---------------------------+-------+-------+-------++-------
  Melee: War axe           |    97 |    87 |    76 ||   260
  Throw: Dart              |       |       |     2 ||     2
 Invoke: Convert to Beogh  |       |       |     1 ||     1
  Evoke: Wand              |       |       |     2 ||     2
    Use: Scroll            |     2 |     8 |     4 ||    14
         Potion            |       |     2 |     2 ||     4
 Armour: Scale mail        |    36 |    34 |    17 ||    87
  Dodge: Dodged            |    42 |    32 |    19 ||    93
  Block: Buckler           |    16 |    21 |    11 ||    48

Table legend: (Time is in decaauts)
 A = Elapsed time spent in this place.
 B = Non-inter-level travel time spent in this place.
 C = Inter-level travel time spent in this place.
 D = Time resting spent in this place.
 E = Time spent auto-exploring this place.
 F = Levels seen in this place.
 G = Mean time per level.
                   A        B        C        D        E       F      G
               +--------+--------+--------+--------+--------+-----+--------+
         Total |   4198 |   3913 |    285 |    571 |   2621 |   5 |  839.6 |
       Dungeon |   4198 |   3913 |    285 |    571 |   2621 |   5 |  839.6 |
               +--------+--------+--------+--------+--------+-----+--------+

Top non-repeatable levels by time:
     D:2: 1486 daAuts
     D:1: 922 daAuts
     D:3: 860 daAuts
     D:4: 764 daAuts
     D:5: 164 daAuts
